AoeStats
← Twitch.tv/WES_XL

Fortress

510026349Analyzed
4v4 RM · 3d ago on Sep 29, 2026· 52m 23s· 8 players
Game mode
Random Map
Map size
Huge
Population
200
Speed
Normal
Resources
Standard
Victory
Conquest
Starting age
Dark Age
Ending age
Imperial Age
RankedLock teamsTeams togetherTeam positionsShared explorationLock speedFull tech treeHidden civsTurbo modeCheats
Victory
Defeat
🇦🇷 Hindustanis · Argentina
1368
+18
🇵🇪 Franks · Peru
1354
+18
🇺🇸 Mongols · United States
1348
+18
🇲🇽 Slavs · Mexico
1317
+20
🇲🇽 Italians · Mexico
1529
-24
🇲🇽 Poles · Mexico
1423
-19
🇦🇷 Khmer · Argentina
1352
-17
🇲🇽 Hindustanis · Mexico
1302
-14
DarkAgeBoomer
6:45 Feudal Age
7:48 Loom
10:29 Castle Age
9:26 Double-Bit Axe
9:51 Forging
9:24 Horse Collar
11:35 Fletching
21:57 Wheelbarrow
21:26 Bodkin Arrow
21:32 Padded Archer Armor
23:59 Leather Archer Armor
27:20 Bow Saw
27:44 Gold Mining
28:08 Stone Mining
31:11 Ballistics
33:46 Imperial Age
32:25 Gold Shaft Mining
32:36 Stone Shaft Mining
31:52 Town Watch
33:16 Hand Cart
35:34 Chemistry
34:39 Bracer
35:29 Bloodlines
35:20 Husbandry
36:00 Conscription
35:38 Capped Ram
35:45 Light Cavalry
36:14 Elite Mangudai
38:04 Scale Barding Armor
38:10 Forging
42:09 Caravan
41:41 Hussar
41:43 Siege Ram
42:28 Nomads
42:49 Chain Barding Armor
43:04 Iron Casting
42:37 Siege Engineers
42:42 Masonry
45:16 Drill
Morfeo
7:49 Feudal Age
8:45 Double-Bit Axe
9:09 Horse Collar
11:58 Castle Age
12:50 Wheelbarrow
12:04 Town Watch
12:11 Town Watch
12:57 Bow Saw
13:20 Heavy Plow
16:01 Loom
17:58 Scale Barding Armor
20:37 Forging
21:55 Gold Mining
23:13 Scale Mail Armor
23:33 Chain Barding Armor
28:37 Imperial Age
27:35 Iron Casting
27:28 Hand Cart
27:50 Stone Mining
28:32 Bloodlines
28:16 Fletching
28:58 Bodkin Arrow
30:06 Plate Barding Armor
29:13 Capped Ram
31:54 Blast Furnace
31:31 Elite Boyar
32:33 Husbandry
33:34 Onager
36:59 Conscription
38:53 Gold Shaft Mining
39:08 Detinets
39:21 Murder Holes
39:35 Siege Engineers
39:41 Masonry
39:35 Siege Ram
48:14 Hoardings
FAR
4:21 Loom
6:41 Feudal Age
7:57 Double-Bit Axe
8:21 Gold Mining
14:15 Castle Age
17:59 Imperial Age
18:02 Bow Saw
22:05 Cavalier
23:47 Scale Barding Armor
25:23 Forging
28:28 Chain Barding Armor
29:59 Plate Barding Armor
29:20 Fletching
29:31 Padded Archer Armor
30:16 Bodkin Arrow
29:47 Elite Skirmisher
32:26 Ballistics
32:46 Leather Archer Armor
33:49 Chemistry
36:47 Light Cavalry
38:08 Plate Barding Armor
38:50 Iron Casting
40:42 Pikeman
43:36 Blast Furnace
43:36 Gold Shaft Mining
43:59 Husbandry
45:37 Scale Mail Armor
48:05 Chain Mail Armor
48:48 Wheelbarrow
48:13 Murder Holes
50:27 Hand Cart
51:42 Plate Mail Armor
52:20 Squires
ValkriaN
7:49 Feudal Age
9:24 Double-Bit Axe
9:24 Horse Collar
12:06 Castle Age
13:21 Bow Saw
14:14 Heavy Plow
15:06 Wheelbarrow
17:20 Hand Cart
16:59 Gold Mining
18:36 Loom
19:27 Gold Shaft Mining
18:45 Stone Mining
23:02 Gold Shaft Mining
22:44 Grand Trunk Road
22:59 Bloodlines
22:49 Husbandry
22:56 Scale Barding Armor
27:30 Imperial Age
25:31 Forging
26:02 Chain Barding Armor
27:10 Iron Casting
27:34 Heavy Camel Rider
28:51 Plate Barding Armor
28:37 Conscription
30:24 Chemistry
29:45 Ballistics
29:30 Siege Engineers
29:30 Shatagni
29:24 Imperial Camel Rider
31:28 Blast Furnace
32:58 Padded Archer Armor
33:15 Caravan
34:08 Leather Archer Armor
36:32 Light Cavalry
42:04 Ring Archer Armor
50:21 Fletching
51:07 Hussar
Twitch.tv/WES_XL
7:19 Feudal Age
8:42 Double-Bit Axe
11:43 Castle Age
9:51 Loom
9:59 Horse Collar
11:46 Gold Mining
12:06 Loom
18:49 Wheelbarrow
18:29 Stone Mining
20:06 Gold Shaft Mining
19:53 Bow Saw
19:50 Heavy Plow
23:19 Grand Trunk Road
26:58 Imperial Age
25:54 Scale Barding Armor
25:59 Forging
27:02 Chain Barding Armor
26:52 Husbandry
27:02 Bloodlines
27:46 Stone Shaft Mining
28:56 Iron Casting
28:26 Heavy Camel Rider
30:17 Imperial Camel Rider
32:16 Plate Barding Armor
32:41 Blast Furnace
32:29 Imperial Camel Rider
33:51 Light Cavalry
35:07 Light Cavalry
35:38 Fletching
36:22 Hussar
38:59 Bodkin Arrow
39:22 Siege Elephant
45:09 Padded Archer Armor
47:21 Chemistry
46:52 Ballistics
46:10 Elite Skirmisher
47:00 Thumb Ring
52:00 Fortified Wall
51:46 Murder Holes
52:10 Leather Archer Armor
51:56 Bracer
Vmmp11
6:27 Feudal Age
7:35 Town Watch
10:20 Castle Age
8:21 Double-Bit Axe
8:45 Horse Collar
11:20 Bow Saw
11:11 Heavy Plow
18:32 Wheelbarrow
23:37 Imperial Age
20:58 Loom
21:32 Fletching
21:40 Gold Mining
21:41 Stone Mining
21:53 Padded Archer Armor
22:34 Bodkin Arrow
24:00 Ballistics
24:21 Bracer
25:27 Chemistry
25:17 Conscription
25:53 Padded Archer Armor
29:45 Leather Archer Armor
30:24 Elite Genoese Crossbowman
32:19 Ring Archer Armor
32:54 Scale Barding Armor
32:45 Capped Ram
33:37 Forging
33:45 Hand Cart
33:34 Light Cavalry
34:15 Husbandry
35:19 Chain Barding Armor
35:31 Bloodlines
36:24 Hussar
37:41 Plate Barding Armor
37:42 Iron Casting
38:40 Scale Mail Armor
41:14 Blast Furnace
42:31 Chain Mail Armor
45:01 Plate Mail Armor
51:49 Treadmill Crane
52:19 Masonry
52:04 Murder Holes
53:13 Two-Man Saw
52:43 Crop Rotation
Rosse SinClan
6:58 Feudal Age
11:24 Castle Age
10:45 Double-Bit Axe
10:46 Horse Collar
15:30 Szlachta Privileges
16:03 Loom
18:03 Loom
18:41 Scale Barding Armor
19:32 Bloodlines
20:19 Forging
22:41 Chain Barding Armor
23:43 Husbandry
28:19 Iron Casting
33:39 Imperial Age
31:48 Wheelbarrow
30:58 Town Watch
34:30 Cavalier
37:05 Scale Mail Armor
37:33 Stone Mining
37:36 Gold Mining
38:03 Hand Cart
41:55 Conscription
42:28 Stone Shaft Mining
NT | MCLovin1986
7:42 Feudal Age
11:59 Castle Age
10:37 Horse Collar
11:07 Scale Barding Armor
12:28 Bloodlines
14:36 Chain Barding Armor
18:47 Husbandry
19:48 Loom
27:28 Wheelbarrow
26:43 Town Watch
29:32 Ballistics
31:54 Imperial Age
31:05 Masonry
31:35 Light Cavalry
34:24 Chemistry
34:00 Conscription
34:02 Double Crossbow
38:27 Plate Barding Armor
37:55 Fletching
40:13 Hand Cart
44:10 Hand Cart
Connection lost

Rejoining the realm…

Still unreachable

The connection could not be restored.

Session expired

The server has moved on; the page needs a fresh start.